 Dungeon Crawl Stone Soup version 0.13.0-26-gf7ffa3a (webtiles) character file.

463 Malachi the Chopper (level 6, -3/47 HPs)
             Began as a Vampire Berserker on Oct 30, 2013.
             Was a Believer of Trog.
             Killed themself with a badly aimed fireball (5 damage)
             ... on Level 3 of the Dungeon.
             The game lasted 00:04:42 (3147 turns).

Malachi the Chopper (Vampire Berserker)             Turns: 3147, Time: 00:04:42

HP  -3/47        AC  3     Str 18      XL: 6   Next:  9%
MP   6/6         EV 12     Int  9      God: Trog [**....]
Gold 174         SH  0     Dex 13      Spells:  0 memorised,  5 levels left

Res.Fire  : + . .   See Invis. : +   a - +1,+0 hand axe {=f}
Res.Cold  : . . .   Warding    : .   b - +0 animal skin
Life Prot.: + . .   Conserve   : .   (no shield)
Res.Poison: .       Res.Corr.  : .   (no helmet)
Res.Elec. : .       Clarity    : .   f - +0 cloak
Sust.Abil.: . .     Spirit.Shd : .   (no gloves)
Res.Mut.  : .       Stasis     : .   (no boots)
Res.Rott. : .       Flight     : .   (no amulet)
Saprovore : . . .                    (no ring)
                                     n - ring of protection from fire

@: exhausted, slowed, glowing, very slow, slightly resistant to hostile
enchantments, very unstealthy
A: bottle blood, fangs 3, see invisible, unbreathing
a: Bat Form, Bottle Blood, Burn Spellbooks, Berserk, Trog's Hand, Renounce
Religion


You were on level 3 of the Dungeon.
You worshipped Trog.
Trog was pleased with you.
You were not thirsty.

You visited 1 branch of the dungeon, and saw 3 of its levels.

You collected 154 gold pieces.

Inventory:

Hand weapons
 a - a +1,+0 hand axe (weapon) {=f}
Armour
 b - a +0 animal skin (worn)
 f - a +0 cloak (worn)
Magical devices
 c - a wand of fireball (4)
 l - a wand of enslavement (6)
Scrolls
 d - a scroll of enchant armour {unknown}
 e - a scroll of enchant weapon I
 g - a scroll of noise {unknown}
 i - 3 scrolls of blinking {unknown}
 k - a scroll of identify
 m - a scroll of remove curse {unknown}
 o - 2 scrolls of curse armour {unknown}
Jewellery
 j - a +3 ring of intelligence
 n - a ring of protection from fire (left hand)
Potions
 h - a potion of might {unknown}
 p - a potion of curing {unknown}


   Skills:
 - Level 2.6 Fighting
 * Level 6.2 Axes
 - Level 1.5 Armour
 - Level 2.1 Dodging


You had 5 spell levels left.
You didn't know any spells.

Dungeon Overview and Level Annotations

Branches:
Dungeon (3/27)

Altars:
Trog


Innate Abilities, Weirdness & Mutations

You can bottle blood from corpses.
You have razor-sharp teeth.*
You have supernaturally acute eyesight.
You can survive without breathing.*


Message History

The gnoll shaman invokes the aid of its god against you.
You are outlined in light.
The gnoll shaman calls upon its god to heal the gnoll.
The gnoll is healed somewhat.
The gnoll hits you with a whip.
* * * LOW HITPOINT WARNING * * *
The gnoll shaman closely misses you.
Evoke which item? (* to show all) (? for menu, Esc to quit)
Zapping:
c - a wand of fireball {zapped: 1}
Press: ? - help, Shift-Dir - straight line, p - gnoll shaman That beam is likely to hit you.
Continue anyway?
The fireball explodes!
The fireball engulfs the gnoll shaman.
The gnoll shaman is heavily wounded.
The fireball engulfs the gnoll.
You kill the gnoll!
Trog accepts your kill.
The fireball engulfs the gnoll.
You kill the gnoll!
Trog accepts your kill. The fireball engulfs you! You resist.
You die...

####### ##gg## ####### #
#..#..#######..g.#######)....#
#
#.b#..'.....'.g.g'.....).....#
#..#..#######..gg#######.....#
#############g'g'#############
............g.g..(.........#.g
≈≈≈≈≈≈≈≈≈≈≈....≈≈≈≈≈≈≈≈≈≈≈≈###
≈≈≈≈≈≈≈≈≈≈≈≈.)g)≈≈≈≈≈≈≈≈≈≈≈≈≈≈≈
≈≈≈≈≈≈≈≈≈≈≈≈..@.≈≈≈≈≈≈≈≈≈≈≈≈≈≈≈
...........)...................
##....##.##.%###.####.###.#...
#.......##.####.####)###.#...
....#.#.......................
........#........###.##......
...#.#..#....<...###.##.##.#.
<......#....................
...##.#........###.##..#.#.


You could see 2 gnoll shamans and 10 gnolls.

Vanquished Creatures
  Sigmund (D:2)
  Ijyb (D:2)
  3 adders
  10 gnolls (D:3)
  3 worms
  An ooze (D:3)
  2 orcs (D:3)
  A ball python (D:3)
  3 giant cockroaches
  6 goblins
  7 hobgoblins
  6 jackals
  2 quokkas
  4 bats
  5 kobolds
  7 rats
62 creatures vanquished.

Vanquished Creatures (collateral kills)
  A goblin (D:2)
1 creature vanquished.

Grand Total: 63 creatures vanquished

Notes
Turn   | Place    | Note
--------------------------------------------------------------
     0 | D:1      | Malachi, the Vampire Berserker, began the quest for the Orb.
     0 | D:1      | Reached XP level 1. HP: 18/18 MP: 1/1
   189 | D:1      | Reached skill level 3 in Axes
   234 | D:1      | Reached XP level 2. HP: 18/24 MP: 2/2
   743 | D:2      | Acquired Trog's second power
   790 | D:2      | Found a bloodstained altar of Trog.
   833 | D:2      | Noticed Ijyb
   857 | D:2      | Killed Ijyb
   857 | D:2      | Reached skill level 4 in Axes
   857 | D:2      | Reached XP level 3. HP: 7/29 MP: 3/3
  1130 | D:2      | Noticed Sigmund
  1140 | D:2      | Killed Sigmund
  1140 | D:2      | Reached skill level 5 in Axes
  1140 | D:2      | Reached XP level 4. HP: 22/36 MP: 4/4
  1274 | D:2      | Paralysed by a potion of paralysis for 6 turns
  1288 | D:2      | HP: 1/36 [shot self (3)]
  2013 | D:2      | Reached XP level 5. HP: 21/41 MP: 5/5
  2997 | D:3      | Reached skill level 6 in Axes
  3133 | D:3      | Noticed an ogre
  3137 | D:3      | Reached XP level 6. HP: 18/47 MP: 6/6
  3137 | D:3      | HP: 1/70 [gnoll/whip (6)]
  3146 | D:3      | HP: 2/47 [gnoll/whip (1)]
  3147 | D:3      | Killed themself with a badly aimed fireball

Action                   |  1- 3 |  4- 6 || total
-------------------------+-------+-------++-------
Melee: Hand axe          |    79 |   169 ||   248
Invok: Berserk           |     1 |     2 ||     3
Evoke: Wand              |       |     3 ||     3
  Use: Potion            |     1 |     1 ||     2
       Scroll            |       |     4 ||     4
 Stab: Sleeping          |     1 |       ||     1
